 Dungeon Crawl Stone Soup version 0.23-a0-586-gacb4b3f (webtiles) character file.

75 Firecrotchwizard the Caller (level 4, -2/30 HPs)
             Began as a Merfolk Summoner on Dec 20, 2018.
             Slain by an adder (5 damage)
             ... on level 2 of the Dungeon.
             The game lasted 00:05:12 (3458 turns).

Firecrotchwizard the Caller (Merfolk Summoner)      Turns: 3458, Time: 00:05:12

Health: -2/30      AC:  2    Str:  8    XL:     4   Next: 31%
Magic:  7/7        EV: 14    Int: 15    God:
Gold:   76         SH:  0    Dex: 14    Spells: 1/7 levels left

rFire    . . .     SeeInvis .   f - +0 spear
rCold    . . .     Gourm    .   (no shield)
rNeg     . . .     Faith    .   a - +0 robe
rPois    .         Spirit   .   (no helmet)
rElec    .         Reflect  .   (no cloak)
rCorr    .         Harm     .   (no gloves)
MR       .....                  (no boots)
Stlth    ++........             (no amulet)
HPRegen  0.10/turn              (no ring)
MPRegen  0.10/turn              (no ring)

@: lethally poisoned (-2 -> -6)
A: change form in water, swift swim, stealthy swim
a: no special abilities


You were on level 2 of the Dungeon.
You were not hungry.

You visited 1 branch of the dungeon, and saw 2 of its levels.

You collected 76 gold pieces.

Inventory:

Hand Weapons
 b - a +0 club
   (You took it off a goblin on level 1 of the Dungeon)
 f - a +0 spear (weapon)
   (You found it on level 1 of the Dungeon)
Missiles
 m - 14 poisoned needles
Armour
 a - a +0 robe (worn)
Scrolls
 e - a scroll of blinking {unknown}
 g - a scroll of identify {unknown}
 h - a scroll of noise {unknown}
 i - 2 scrolls of remove curse {unknown}
 k - a scroll of magic mapping {unknown}
 n - 3 scrolls of enchant armour {unknown}
 o - 3 scrolls of amnesia {unknown}
 p - 2 scrolls of random uselessness {unknown}
Potions
 d - a potion of flight {unknown}
 l - 2 potions of agility {unknown}
Comestibles
 c - 2 rations
 j - 6 chunks of flesh {@w0}


   Skills:
 + Level 2.2 Polearms
 + Level 3.7 Dodging
 - Level 2.3 Stealth
 - Level 2.1 Spellcasting
 * Level 4.8 Summonings


You had one spell level left.
You knew the following spells:

 Your Spells              Type           Power        Failure   Level  Hunger
a - Summon Small Mammal   Summ           ###.         3%          1    #......
b - Call Canine Familiar  Summ           ###.....     9%          3    ###....
c - Call Imp              Summ           ###.....     4%          2    ###....

Your spell library contained the following spells:

 Spells                   Type           Power        Failure   Level  Hunger
 Summon Guardian Golem    Hex/Summ       #.......     24%         3    ###....
 Summon Ice Beast         Ice/Summ       #.......     63%         4    #####..
 Summon Lightning Spire   Summ/Air       #.......     63%         4    #####..


Dungeon Overview and Level Annotations

Branches:
Dungeon (2/15)

Altars:


Message History

You kill the bat!
No target in view!
No target in view!
A frilled lizard comes into view.
Found a stone staircase leading down.
Health restored: 30 A frilled lizard is nearby!
You barely miss the frilled lizard. The frilled lizard bites you.
You take 3 damage, and have 27/30 hp.
You hit the frilled lizard but do no damage.
The frilled lizard closely misses you.
You hit the frilled lizard.
You kill the frilled lizard!
No target in view!
No target in view! 2 jackals come into view.
There are monsters nearby!
A jackal comes into view.
The jackal barks! x2
The jackal bites you but does no damage. x2
You now have 6/7 mp.
You barely miss the jackal. The jackal bites you.
The jackal closely misses you. The jackal barely misses you.
You take 1 damage, and have 27/30 hp.
You hit the jackal. The jackal barely misses you. x2
The jackal closely misses you.
Your quokka bites the jackal.
The jackal barely misses you. The jackal completely misses you.
You hit the jackal.
You kill the jackal!
The jackal misses you. The jackal barely misses you.
Your quokka barely misses the jackal.
The jackal misses you.
You barely miss the jackal. The jackal barely misses you.
Your quokka bites the jackal.
The jackal bites you. The jackal bites your quokka.
You take 3 damage, and have 24/30 hp.
You hit the jackal.
You kill the jackal!
The jackal closely misses you. x2
You hit the jackal but do no damage.
The jackal bites you but does no damage.
Your quokka bites the jackal.
You closely miss the jackal. The jackal closely misses you.
Your quokka bites the jackal.
You hit the jackal.
You kill the jackal!
No target in view!
You swap places.
You butcher the jackal corpse.
j - 3 chunks of flesh {@w0} (gained 2)
You see here a jackal skeleton. x2
You butcher the jackal corpse.
j - 6 chunks of flesh {@w0} (gained 3)
You see here a jackal skeleton. x2
n - 3 scrolls labeled ZIMUSU FO UKYTH (gained 1)
Your quokka disappears in a puff of smoke!
An adder comes into view.
You regained 4 hp, and now have 29/30 hp.
MP restored: 7 An adder is nearby!
You now have 6/7 mp.
Health restored: 30 The adder hisses angrily.
The adder bites you.
You take 2 damage, and have 28/30 hp.
You completely miss the adder. The adder bites you.
You are poisoned.
The adder poisons you!
You take 4 damage, and have 24/30 hp.
You hit the adder.
You feel sick. The adder closely misses you.
You take 1 damage, and have 23/30 hp.
You barely miss the adder. The adder bites you.
Your rat misses the adder. The adder bites you.
You are more poisoned.
The adder poisons you!
You take 6 damage, and have 17/30 hp.
You are too injured to fight recklessly!
You are too injured to fight recklessly!
You are too injured to fight recklessly!
You hit the adder.
You feel sick.
Your rat barely misses the adder.
The adder bites you.
You take 3 damage, and have 14/30 hp.
You barely miss the adder.
You feel sick.
Your rat misses the adder. The adder bites you.
* * * LOW HITPOINT WARNING * * *
You take 5 damage, and have 9/30 hp.
MP restored: 7 You completely miss the adder.
The adder bites you.
* * * LOW HITPOINT WARNING * * *
Your rat barely misses the adder.
You take 2 damage, and have 7/30 hp.
You barely miss the adder.
You feel sick. The adder bites you.
* * * LOW HITPOINT WARNING * * *
Your rat closely misses the adder.
The adder closely misses you.
You take 3 damage, and have 4/30 hp.
You barely miss the adder.
Your rat bites the adder.
The adder bites you but does no damage.
You completely miss the adder.
* * * LOW HITPOINT WARNING * * *
You feel sick. The adder bites you.
You die...

#.........÷.#....######.......
#.........÷.#....# #.......
#...........#....# #.......
#...........#....# #.......
#...........#....# #.......
#...........#....# #.......
#...........#....# .......
#...........#....# #####
#...........#@r..# #S...#
#....# ###### ##### #...#
#...# ###############...#
#.................#


You could see an adder and a friendly rat.

Vanquished Creatures
  An adder (D:2)
  2 worms (D:2)
  2 dart slugs (D:1)
  5 giant cockroaches
  4 goblins
  4 hobgoblins
  3 jackals (D:2)
  3 kobolds
  A quokka (D:2)
  A ball python (D:2)
  7 bats
  2 frilled lizards
35 creatures vanquished.

Vanquished Creatures (collateral kills)
  An adder (D:2)
  An ooze (D:1)
  A dart slug (D:1)
  2 bats
  A goblin (D:1)
  2 hobgoblins (D:1)
  2 kobolds (D:1)
  2 rats
12 creatures vanquished.

Grand Total: 47 creatures vanquished

Notes
Turn   | Place    | Note
-------+----------+-------------------------------------------
     0 | D:1      | Firecrotchwizard the Merfolk Summoner began the quest for
                  | the Orb.
     0 | D:1      | Reached XP level 1. HP: 13/13 MP: 3/3
   377 | D:1      | HP: 2/13 [kobold (3)]
   756 | D:1      | Reached skill level 3 in Dodging
   756 | D:1      | Reached XP level 2. HP: 19/19 MP: 3/5
   949 | D:1      | Reached skill level 1 in Polearms
  1300 | D:1      | Learned a level 2 spell: Call Imp
  1336 | D:1      | Reached XP level 3. HP: 22/24 MP: 6/6
  1504 | D:1      | HP: 5/24 [rat (3)]
  2095 | D:2      | Found a faded altar of an unknown god.
  2179 | D:2      | HP: 6/24 [bat (1)]
  2582 | D:2      | HP: 2/24 [worm (9)]
  2928 | D:2      | Reached skill level 2 in Polearms
  2928 | D:2      | Reached XP level 4. HP: 27/30 MP: 5/7
  3029 | D:2      | HP: 7/30 [poisoned by an adder]
  3061 | D:2      | HP: 7/30 [poisoned by an adder]
  3319 | D:2      | Learned a level 3 spell: Call Canine Familiar
  3455 | D:2      | HP: 7/30 [adder (2)]
  3458 | D:2      | HP: 3/30 [poisoned by an adder]
  3458 | D:2      | Slain by an adder

Vault maps used:
D:1:      tarquinn_simple_flora_water_d, minmay_misc_feat_roman, minmay_3d_cube
D:2:      chequers_ecumenical_altar_simple_redux, first_ration

Skill      XL: |  1  2  3 |
---------------+----------+-----
Dodging        | 3 |  3.7
Polearms       | 1 2 |  2.2
Stealth        | |  2.3
Spellcasting   | |  2.1
Summonings     | |  4.8

Action                   |  1- 3 |  4- 6 || total
-------------------------+-------+-------++-------
Melee: Club              |    17 |       ||    17
       Spear             |   138 |    57 ||   195
       Unarmed           |     7 |       ||     7
 Cast: Summon Small Mamm |    12 |     3 ||    15
       Call Imp          |     8 |       ||     8
  Use: Potion            |       |     1 ||     1
 Stab: Sleeping          |     9 |     1 ||    10
       Distracted        |       |     1 ||     1
  Eat: Ration            |     2 |       ||     2
       Chunk             |     2 |       ||     2
Armor: Robe              |    27 |    15 ||    42
Dodge: Dodged            |    93 |    38 ||   131

Table legend:
 A = Non-vault XP
 B = Vault XP
 C = Vault XP percentage of total XP
 D = Non-vault monster count
 E = Vault monster count
 F = Vault count percentage of total count
                 A         B        C        D         E       F
            +---------+---------+-------+---------+---------+-------
      Total |     100 |       8 |   7.4 |      44 |       3 |   6.4
            +---------+---------+-------+---------+---------+-------
        D:1 |      43 |       8 |  15.7 |      23 |       3 |  11.5
        D:2 |      57 |       0 |   0.0 |      21 |       0 |   0.0
            +---------+---------+-------+---------+---------+-------

Vault maps used:
D:1:      tarquinn_simple_flora_water_d, minmay_misc_feat_roman, minmay_3d_cube
D:2:      chequers_ecumenical_altar_simple_redux, first_ration

Table legend:
 A = Turns spent in this place as a percentage of turns spent in the entire game.
 B = Non-inter-level travel turns spent in this place as a percentage of non-inter-level travel turns spent in the entire game.
 C = Inter-level travel turns spent in this place as a percentage of turns spent in this place.
 D = Turns resting spent in this place as a percentage of non-inter-level travel turns spent in this place.
 E = Turns spent auto-exploring this place as a percentage of non-inter-level travel turns spent in this place.
 F = Non-inter-level travel turns spent in this place divided by the number of levels of this place that you've seen.
                   A       B       C       D       E      F
               +-------+-------+-------+-------+-------+----------------------
         Total | 100.0 | 100.0 |   0.5 |  59.7 |  26.5 | 1720.5
       Dungeon | 100.0 | 100.0 |   0.5 |  59.7 |  26.5 | 1720.5
               +-------+-------+-------+-------+-------+----------------------

Table legend:
 A = Kills in this place as a percentage of kills in entire the game.
 B = Kills by you in this place as a percentage of kills by you in the entire game.
 C = Kills by friends in this place as a percentage of kills by friends in the entire game.
 D = Other kills in this place as a percentage of other kills in the entire game.
 E = Experience gained in this place as a percentage of experience gained in the entire game.
 F = Experience gained in this place divided by the number of levels of this place that you have seen.
                   A       B       C       D       E      F
               +-------+-------+-------+-------+-------+----------------------
         Total | 100.0 | 100.0 | 100.0 |   N/A | 100.0 |  54.0
       Dungeon | 100.0 | 100.0 | 100.0 |   N/A | 100.0 |  54.0
               +-------+-------+-------+-------+-------+----------------------
